 Dungeon Crawl Stone Soup version 0.32-a0-841-g4648e6c457 (webtiles) character file.

Game seed: 17102533055864882446

826 Shayle the Trooper (level 7, 0/56 HPs)
             Began as a Coglin Alchemist on Mar 26, 2024.
             Was an Initiate of Beogh.
             Slain by a centaur
             ... wielding a +0 club
              (8 damage)
             ... on level 6 of the Dungeon.
             The game lasted 00:13:14 (4881 turns).

Shayle the Trooper (Coglin Alchemist)               Turns: 4881, Time: 00:13:14

Health: 0/56       AC:  5    Str:  8    XL:     7   Next: 96%
Magic:  9/9        EV: 11    Int: 14    God:    Beogh [......]
Gold:   81         SH:  0    Dex: 17    Spells: 5/9 levels left

rFire   . . .        k - +0 hand axe {José}
rCold   + + .        d - +2 whip (elec) {Zorawar}
rNeg    . . .        a - +0 robe
rPois   .            (no helmet)
rElec   +            w - +0 cloak
rCorr   .            (no gloves)
SInv    .            g - +1 pair of boots "Ebrionav" {rElec rC++ Will+ Stlth+}
Will    +....        (amulet unavailable)
Stlth   +++          (ring unavailable)
HPRegen 0.29/turn    (ring unavailable)
MPRegen 0.11/turn    (no gizmo)

%: no passive effects
@: revved
A: off-hand wielding, slow wielding, warmup strikes, no jewellery
a: Invent Gizmo, Renounce Religion


You were on level 6 of the Dungeon.
You worshipped Beogh.
Beogh was noncommittal.
You visited 1 branch of the dungeon, and saw 6 of its levels.

You collected 402 gold pieces.
You spent 321 gold pieces at shops.

Inventory:

Hand Weapons
 d - a +2 whip of electrocution (offhand) {Zorawar}
 f - a +0 sling
 i - a +0 whip {Vikramjeet}
 j - a +2 antimagic war axe
 k - a +0 hand axe (weapon) {José}
Armour
 a - a +0 robe (worn)
 g - the +1 pair of boots "Ebrionav" (worn) {rElec rC++ Will+ Stlth+}
   (You acquired it on level 5 of the Dungeon)

   rC++:      It greatly protects you from cold.
   rElec:     It insulates you from electricity.
   Will+:     It increases your willpower.
   Stlth+:    It makes you more stealthy.
 w - a +0 cloak (worn)
Wands
 r - a wand of mindburst (4)
 u - a wand of polymorph (12)
Scrolls
 m - a scroll of amnesia
 n - a scroll of fog
 p - 2 scrolls of teleportation
 t - a scroll of vulnerability
 v - a scroll of silence {unknown}
 x - a scroll of blinking
 y - 2 scrolls of noise {unknown}
Potions
 b - 3 potions of magic
 c - 3 potions of enlightenment
 e - a potion of haste
 h - a potion of heal wounds
 l - a potion of resistance
 o - a potion of ambrosia
 q - a potion of curing
 s - 3 potions of lignification
 z - a potion of might {unknown}


   Skills:
 + Level 5.2 Fighting
 + Level 4.6 Ranged Weapons
 - Level 1.7 Dodging
 - Level 1.5 Stealth
 - Level 1.7 Spellcasting
 - Level 0.8 Conjurations
 - Level 3.2 Alchemy
 + Level 3.2 Invocations


You had 5 spell levels left.
You knew the following spells:

 Your Spells              Type           Power      Damage    Failure   Level
a - Sting                 Conj/Alch      28%        1d4       11%         1
b - Mephitic Cloud        Conj/Alch/Air  5%         N/A       38%         3

Your spell library contained the following spells:

 Spells                   Type           Power      Damage    Failure   Level
 Mercury Vapours          Alch/Air       10%        N/A       19%         2
 Apportation              Tloc           2%         N/A       24%         1
 Necrotise                Necr           4%         1d4       24%         1
 Summon Small Mammal      Summ           4%         N/A       24%         1
 Olgreb's Toxic Radiance  Alch           10%        N/A       54%         4
 Vampiric Draining        Necr           1%         2d6       58%         3
 Sticky Flame             Fire/Alch      5%         2d4       77%         4
 Martyr's Knell           Necr/Summ      1%         N/A       94%         4
 Curse of Agony           Necr           1%         N/A       100%        5


Dungeon Overview and Level Annotations

Branches:
Dungeon (6/15)
 Temple: D:4-7

Altars:
Nemelex Xobeh
Zin

Shops:
D:2 ?   D:4 *   D:5 *

Annotations:
D:1 2 runed translucent doors


Innate Abilities, Weirdness & Mutations

You can wield a second weapon in your off-hand.
It takes a long time for you to wield or remove held weapons.
Your first few attacks do less damage.
You cannot equip rings or amulets.


Message History

The centaur hits you with a +0 club. The centaur barely misses you.
You completely miss the centaur with your +2 whip of electrocution.
The centaur is moderately wounded.
You hit the centaur but do no damage. The centaur completely misses you.
The centaur kicks you but does no damage.
The centaur misses you.
The centaur kicks you but does no damage.
Unknown command.
You hit the centaur with your +0 hand axe.
The centaur is moderately wounded.
You hit the centaur but do no damage. The centaur hits you with a +0 club.
The centaur misses you. The centaur barely misses you. The centaur misses you.
You barely miss the centaur with your +2 whip of electrocution.
The centaur is moderately wounded.
You hit the centaur but do no damage. The centaur barely misses you. x2
The centaur hits you with a +0 club.
The centaur kicks you but does no damage.
Unknown command.
You hit the centaur with your +2 whip of electrocution.
The centaur is moderately wounded.
You barely miss the centaur with your +0 hand axe.
The centaur hits you with a +0 club. The centaur barely misses you.
You hit the centaur with your +2 whip of electrocution.
The centaur is moderately wounded.
You hit the centaur but do no damage. The centaur barely misses you.
The centaur kicks you. The centaur barely misses you.
The centaur kicks you but does no damage.
Unknown command.
You hit the centaur but do no damage.
The centaur is moderately wounded.
You barely miss the centaur with your +2 whip of electrocution.
The centaur closely misses you. The centaur kicks you.
* * * LOW HITPOINT WARNING * * *
The centaur hits you with a +0 club!
* * * LOW HITPOINT WARNING * * *
The centaur barely misses you.
You hit the centaur with your +0 hand axe.
The centaur is heavily wounded.
You hit the centaur but do no damage. The centaur hits you with a +0 club!
You die...

......... ........ ...... ....
#### ########.###
.....#..........#
................#
......c@).......#
....#$..........# ### .
#...........# #.# . ##..........#
#.# .. #..........######.#
..########### #........>.'......#
............# #..........######.#
............###################.#
................... ........#


You could see a centaur.

Vanquished Creatures
  A wyvern (D:4)
  An ogre (D:5)
  A scorpion (D:5)
  2 bombardier beetles (D:5)
  2 jellies
  3 hounds (D:5)
  An orc priest (D:3)
  2 iguanas
  An orc wizard (D:5)
  A gnoll (D:1)
  8 adders
  2 white imps (D:5)
  2 ufetubi (D:5)
  2 dart slugs
  3 ribbon worms
  12 orcs
  8 ball pythons
  4 bats
  4 endoplasms
  8 giant cockroaches
  2 goblins
  11 hobgoblins
  3 jackals (D:4)
  A quokka (D:4)
  3 frilled lizards
  9 kobolds
  8 rats
105 creatures vanquished.

Notes
Turn   | Place    | Note
-------+----------+-------------------------------------------
     0 | D:1      | Shayle the Coglin Alchemist began the quest for the Orb.
     0 | D:1      | Reached XP level 1. HP: 13/13 MP: 3/3
   171 | D:1      | Found a large runed translucent door.
   171 | D:1      | Found a large runed translucent door.
   253 | D:1      | Reached skill level 1 in Fighting
   253 | D:1      | Reached XP level 2. HP: 21/21 MP: 1/4
   324 | D:1      | Reached skill level 1 in Ranged Weapons
   659 | D:1      | Reached XP level 3. HP: 14/26 MP: 0/5
  1199 | D:2      | Reached skill level 2 in Fighting
  1292 | D:2      | Found a faded altar of an unknown god.
  1293 | D:2      | You fall into a shaft and drop 2 floors!
  1448 | D:3      | Reached XP level 4. HP: 34/34 MP: 6/6
  1631 | D:2      | Found Xirr's Magic Scroll Shoppe.
  1634 | D:2      | Bought a scroll of identify for 26 gold pieces
  1634 | D:2      | Bought a scroll of identify for 26 gold pieces
  1634 | D:2      | Bought a scroll of teleportation for 39 gold pieces
  1634 | D:2      | Bought a scroll of enchant weapon for 97 gold pieces
  2115 | D:3      | Identified the +4 flail "Fenutugg" {flame, rElec Will-
                  | Str+7 Dex-5}
  2144 | D:3      | Reached skill level 3 in Fighting
  2152 | D:3      | Reached XP level 5. HP: 30/41 MP: 7/7
  2403 | D:4      | Found Zounnim's General Store.
  2423 | D:4      | Bought a potion of lignification for 30 gold pieces
  2450 | D:4      | Bought a scroll of vulnerability for 40 gold pieces
  2770 | D:4      | Noticed a wyvern
  2776 | D:4      | Learned a level 3 spell: Mephitic Cloud
  2787 | D:5      | Entered Level 5 of the Dungeon
  3051 | D:4      | Reached skill level 1 in Invocations
  3230 | D:4      | Killed a wyvern
  3231 | D:4      | Reached skill level 4 in Fighting
  3231 | D:4      | Reached XP level 6. HP: 21/48 MP: 8/8
  3459 | D:4      | Found a sparkling altar of Nemelex Xobeh.
  3468 | D:4      | Found a glowing silver altar of Zin.
  3611 | D:5      | Identified a scroll of acquirement
  3611 | D:5      | Acquired the +1 pair of boots "Ebrionav" {rElec rC++ Will+
                  | Stlth+}
  3731 | D:5      | Reached XP level 7. HP: 21/54 MP: 5/9
  3866 | D:5      | Became a worshipper of Beogh the Shepherd
  4232 | D:5      | Found Qopamaom's Neck Hole.
  4240 | D:5      | Reached skill level 5 in Fighting
  4243 | D:5      | Bought a +0 cloak for 63 gold pieces
  4881 | D:6      | Slain by a centaur

Illustrated notes

Levels and vault maps discovered:
D:1:      erik_arrival_cave_to_civilisation [erik_arrival_cave_to_temple],
          layout_basic, minmay_misc_feat_tiny
D:2:      layout_loops_ring, ebering_ecumenical_altar_mist, serial_shops, shop
D:3:      layout_rooms, dk_noncrumbling_3
D:4:      layout_gridville, mainiacjoe_overflow_swirl, serial_shops,
          nicolae_shop_trees, chequers_serial_rivers_small_b
D:5:      layout_loops_ring, nicolae_shop_sticking_my_neck_out
D:6:      layout_basic

Skill      XL: |  1  2  3  4  5  6  7 |
---------------+----------------------+-----
Fighting       | 1 2 3 4 5 |  5.2
Ranged Weapons | 1 2 3 4 |  4.6
Invocations    | 1 2 3 |  3.2
Dodging        | |  1.7
Stealth        | |  1.5
Spellcasting   | |  1.7
Conjurations   | |  0.8
Alchemy        | |  3.2

Action                     |  1- 3 |  4- 6 |  7- 9 || total
---------------------------+-------+-------+-------++-------
  Melee: Unarmed           |    18 |       |       ||    18
         Whip              |    45 |   141 |    64 ||   250
         Hand axe          |    41 |   133 |    58 ||   232
         Short sword       |     6 |       |       ||     6
   Cast: Sting             |    21 |       |       ||    21
         Mephitic Cloud    |       |     1 |       ||     1
 Invoke: Convert to Beogh  |       |       |     1 ||     1
    Use: Potion            |     1 |     1 |     1 ||     3
         Scroll            |     3 |     8 |     2 ||    13
   Stab: Sleeping          |     5 |     7 |     1 ||    13
         Confused          |       |       |     1 ||     1
 Armour: Robe              |    43 |   119 |    51 ||   213
  Dodge: Dodged            |    50 |   123 |    48 ||   221

Table legend: (Time is in decaauts)
 A = Elapsed time spent in this place.
 B = Non-inter-level travel time spent in this place.
 C = Inter-level travel time spent in this place.
 D = Time resting spent in this place.
 E = Time spent auto-exploring this place.
 F = Levels seen in this place.
 G = Mean time per level.
                   A        B        C        D        E       F      G
               +--------+--------+--------+--------+--------+-----+--------+
         Total |   4933 |   4750 |    183 |    513 |   2989 |   6 |  822.2 |
       Dungeon |   4933 |   4750 |    183 |    513 |   2989 |   6 |  822.2 |
               +--------+--------+--------+--------+--------+-----+--------+

Top non-repeatable levels by time:
     D:1: 1167 daAuts
     D:4: 1156 daAuts
     D:5: 1008 daAuts
     D:2: 626 daAuts
     D:3: 587 daAuts
     D:6: 386 daAuts
